 Dungeon Crawl Stone Soup version 0.25-a0-734-g73332aeda9 (webtiles) character file.

Game seed: 13934568773480590782, levelgen mode: deterministic

131 ReteAZ the Grave Robber (level 4, -2/30 HPs)
             Began as a Mummy Necromancer on Apr 10, 2020.
             Slain by Dowan
             ... wielding a +0 dagger
              (4 damage)
             ... on level 4 of the Dungeon.
             The game lasted 00:05:49 (2673 turns).

ReteAZ the Grave Robber (Mummy Necromancer)         Turns: 2673, Time: 00:05:50

Health: -2/30      AC:  2    Str: 11    XL:     4   Next: 91%
Magic:  5/10       EV: 12    Int: 15    God:
Gold:   146        SH:  0    Dex: 12    Spells: 7/11 levels left

rFire    x . .     SeeInvis .   h - +2 short sword (speed)
rCold    + . .     Gourm    .   (no shield)
rNeg     + + +     Faith    .   a - +0 robe
rPois    ∞         Spirit   .   (no helmet)
rElec    .         Reflect  .   (no cloak)
rCorr    .         Harm     .   (no gloves)
MR       .....                  (no boots)
Stlth    ++........             (no amulet)
HPRegen  0.10/turn              g - ring of wizardry
MPRegen  0.12/turn              (no ring)

@: no status effects
A: no food or potions, fire vulnerability, cold resistance 1, negative energy
resistance 3, torment resistance, unbreathing
a: no special abilities


You were on level 4 of the Dungeon.
You were not hungry.

You visited 1 branch of the dungeon, and saw 4 of its levels.

You collected 146 gold pieces.

Inventory:

Hand Weapons
 h - a +2 short sword of speed (weapon)
Missiles
 l - 12 poisoned darts (quivered)
Armour
 a - a +0 robe (worn)
Jewellery
 g - a ring of wizardry (left hand)
 i - an uncursed amulet of magic regeneration {unknown}
Wands
 f - a wand of enslavement (2)
Scrolls
 b - a scroll of random uselessness {unknown}
 c - a scroll of immolation {unknown}
 d - a scroll of blinking {unknown}
 e - 3 scrolls of identify {unknown}
 j - a scroll of teleportation {unknown}
 k - a scroll of magic mapping {unknown}


   Skills:
 - Level 1.5 Dodging
 - Level 1.5 Stealth
 + Level 4.2 Spellcasting
 * Level 5.6 Necromancy


You had 7 spell levels left.
You knew the following spells:

 Your Spells              Type           Power        Failure   Level  Hunger
a - Pain                  Necr           ###.         1%          1    N/A
b - Vampiric Draining     Necr           ###.......   2%          3    N/A

Your spell library contained the following spells:

 Spells                   Type           Power        Failure   Level  Hunger
 Animate Skeleton         Necr           N/A          1%          1    N/A
 Animate Dead             Necr           N/A          7%          4    N/A
 Apportation              Tloc           #.....       8%          1    N/A
 Corona                   Hex            #......      8%          1    N/A
 Summon Small Mammal      Summ           #...         8%          1    N/A
 Agony                    Necr           ###.....     19%         5    N/A

Dungeon Overview and Level Annotations

Branches:
Dungeon (4/15)
 Temple: D:4-7

Altars:
Fedhas
The Shining One

Annotations:
D:2 Sigmund
D:3 exclusion: oklob plant
D:4 Dowan


Innate Abilities, Weirdness & Mutations

You do not eat or drink.
Your flesh is vulnerable to fire.
You are immune to poison.
Your flesh is cold resistant. (rC+)
You are immune to negative energy. (rN+++)
You are immune to unholy pain and torment.
You can survive without breathing.


Message History

Press: ? - help, Shift-Dir - straight line, f/p - Dowan
Aim: Dowan, wielding a +0 dagger, wearing a +0 robe and carrying a wand of flame (7) (moderately wounded, chance to defeat MR: 80%) Dowan barely resists.
Dowan closely misses you.
Casting: Pain (safe; 1% risk of failure)
Confirm with . or Enter, or press ? or * to list all spells.
Aiming: Pain (safe; 1% risk of failure)
Press: ? - help, Shift-Dir - straight line, f/p - Dowan
Aim: Dowan, wielding a +0 dagger, wearing a +0 robe and carrying a wand of flame (7) (moderately wounded, chance to defeat MR: 80%) Dowan writhes in agony.
Dowan points at you and mumbles some strange words.
The puff of flame hits you!! The fire burns you terribly!
Ouch! That really hurt!
* * * LOW HITPOINT WARNING * * *
Casting: Pain (safe; 1% risk of failure)
Confirm with . or Enter, or press ? or * to list all spells.
Aiming: Pain (safe; 1% risk of failure)
Press: ? - help, Shift-Dir - straight line, f/p - Dowan
Aim: Dowan, wielding a +0 dagger, wearing a +0 robe and carrying a wand of flame (7) (heavily wounded, chance to defeat MR: 80%) Dowan writhes in agony!
Dowan hits you with a +0 dagger.
You die...

#..##
.#########...####
.......<........+
.########....####
##.....##
#.......##
#).......#
#......e.#
##....@#.#
##...##.#
######.# ... ...
..... ....e
#......


You could see Dowan.

Vanquished Creatures
  An orc priest (D:3)
  A worker ant (D:3)
  An adder (D:3)
  2 worms (D:3)
  A dart slug (D:2)
  6 leopard geckos
  4 orcs (D:3)
  3 giant cockroaches
  5 goblins
  11 hobgoblins
  2 jackals (D:3)
  A quokka (D:3)
  A ball python (D:2)
  4 bats
  3 frilled lizards
  3 kobolds
  3 rats
52 creatures vanquished.

Vanquished Creatures (others)
  2 plants (D:2)
  13 toadstools (D:3)
15 creatures vanquished.

Grand Total: 67 creatures vanquished

Notes
Turn   | Place    | Note
-------+----------+-------------------------------------------
     0 | D:1      | ReteAZ the Mummy Necromancer began the quest for the Orb.
     0 | D:1      | Reached XP level 1. HP: 13/13 MP: 4/4
   297 | D:1      | Reached XP level 2. HP: 19/19 MP: 3/6
   476 | D:1      | Found a glowing golden altar of the Shining One.
  1122 | D:2      | Reached XP level 3. HP: 24/24 MP: 3/7
  1287 | D:2      | Noticed Sigmund
  1287 | D:2      | Noticed a phantom
  1385 | D:3      | Learned a level 3 spell: Vampiric Draining
  1565 | D:3      | Reached skill level 5 in Necromancy
  1719 | D:3      | Reached XP level 4. HP: 5/30 MP: 1/9
  2442 | D:3      | Found a blossoming altar of Fedhas.
  2455 | D:3      | Noticed an oklob plant
  2660 | D:4      | Noticed Dowan
  2673 | D:4      | Slain by Dowan

Levels and vault maps discovered:
D:1:      dpeg_arrival_stone_temple_mockup, layout_basic, minivault_19,
          minmay_misc_feat_hallway, tso_altar
D:2:      layout_rooms, kennysheep_pointless_box, solitary_fountain,
          serial_bayou_lagoon_a, uniq_crazy_yiuf_cottage, uniq_sigmund
D:3:      layout_rooms, first_ration, hex_intersection, tgw_fedhas
D:4:      layout_loops_corners, lemuel_crystal_altar,
          lemuel_coloured_pillars_altar, minmay_temple_entry_gardened_gates,
          uniq_duvessa

Skill      XL: |  1  2  3  4 |
---------------+-------------+-----
Spellcasting   | 3 4 |  4.2
Necromancy     | 5 |  5.6
Dodging        | |  1.5
Stealth        | |  1.5

Action                   |  1- 3 |  4- 6 || total
-------------------------+-------+-------++-------
Melee: Unarmed           |     6 |       ||     6
       Short sword       |     2 |       ||     2
Throw: Dart              |       |     1 ||     1
 Cast: Pain              |    87 |    40 ||   127
Armor: Robe              |     7 |     1 ||     8
Dodge: Dodged            |    16 |     6 ||    22

Table legend:
 A = Non-vault XP
 B = Vault XP
 C = Vault XP percentage of total XP
 D = Non-vault monster count
 E = Vault monster count
 F = Vault count percentage of total count
                 A         B        C        D         E       F
            +---------+---------+-------+---------+---------+-------
      Total |     188 |       0 |   0.0 |      52 |       0 |   0.0
            +---------+---------+-------+---------+---------+-------
        D:1 |      25 |       0 |   0.0 |      13 |       0 |   0.0
        D:2 |      23 |       0 |   0.0 |      13 |       0 |   0.0
        D:3 |     140 |       0 |   0.0 |      26 |       0 |   0.0
            +---------+---------+-------+---------+---------+-------
